 Dungeon Crawl Stone Soup version 0.31.0 (webtiles) character file.

Game seed: 3057906196675860678

555 qw the Shooter (level 7, -4/44 HPs)
             Began as a Gargoyle Hunter on Jan 19, 2024.
             Slain by Edmund
             ... wielding a +1 flail of protection
              (6 damage)
             ... on level 4 of the Dungeon.
             The game lasted 00:00:18 (3719 turns).

qw the Shooter (Gargoyle Hunter)                    Turns: 3719, Time: 00:00:19

Health: -4/44      AC: 12    Str: 14    XL:     7   Next: 30%
Magic:  7/7        EV: 12    Int: 10    God:
Gold:   179        SH:  0    Dex: 15    Spells: 6/6 levels left

rFire   . . .        a - +1 shortbow
rCold   . . .        (shield currently unavailable)
rNeg    + . .        f - +3 leather armour
rPois   inf          (no helmet)
rElec   +            (no cloak)
rCorr   .            (no gloves)
SInv    .            c - +0 pair of boots
Will    .....        h - amulet of faith
Stlth   ++           (no ring)
HPRegen 0.27/turn    (no ring)
MPRegen 0.10/turn

%: faith
@: no status effects
A: sickness immunity, AC +4, negative energy resistance 1, electricity
resistance, torment resistance 1, petrification resistance
a: no special abilities


You were on level 4 of the Dungeon.
You visited 1 branch of the dungeon, and saw 4 of its levels.

You collected 179 gold pieces.


Innate Abilities, Weirdness & Mutations

You are immune to sickness and miasma.
Your stone body is resilient. (AC +4)
You are immune to poison.
You resist negative energy. (rN+)
You are resistant to electric shocks. (rElec)
You are resistant to unholy torment.
You are immune to petrification.


   Skills:
 - Level 4.3 Fighting
 + Level 7.5 Ranged Weapons
 - Level 1.3 Armour
 - Level 2.0 Dodging
 - Level 1.1 Stealth


You had 6 spell levels left.
You didn't know any spells.
Your spell library was empty.

Inventory:

Hand Weapons
 a - a +1 shortbow (weapon)
Armour
 c - a +0 pair of boots (worn)
 f - a +3 leather armour (worn)
Jewellery
 d - an amulet of guardian spirit
 h - an amulet of faith (around neck)
Wands
 j - a wand of flame (16)
Scrolls
 b - 3 scrolls of identify
 k - a scroll of silence {unknown}
 l - a scroll of blinking {unknown}
Potions
 e - 2 potions of curing
 g - a potion of haste
 i - a potion of cancellation
 m - a potion of might {unknown}

Dungeon Overview and Level Annotations

Branches:
Dungeon (4/15)
 Temple: D:4-7

Altars:
Elyvilon
Xom

Annotations:
D:3 2 runed translucent doors
D:4 Edmund


Message History

You shoot an arrow. The arrow hits Edmund!
Edmund is heavily wounded.
Edmund hits you with a +1 flail of protection.
You shoot an arrow.
The arrow hits Edmund but does no damage.
Edmund is heavily wounded.
Edmund hits you but does no damage.
You shoot an arrow. The arrow barely misses Edmund.
Edmund misses you.
You shoot an arrow. The arrow hits Edmund.
Edmund is heavily wounded.
Edmund hits you with a +1 flail of protection!
You shoot an arrow. The arrow barely misses Edmund.
Edmund hits you with a +1 flail of protection.
You shoot an arrow.
The arrow hits Edmund but does no damage.
Edmund is heavily wounded.
Edmund barely misses you.
You shoot an arrow. The arrow closely misses Edmund.
Edmund closely misses you.
You shoot an arrow.
The arrow hits Edmund but does no damage.
Edmund is heavily wounded.
Edmund closely misses you.
You shoot an arrow.
The arrow hits Edmund but does no damage.
Edmund is heavily wounded.
Edmund hits you but does no damage.
You shoot an arrow. The arrow barely misses Edmund.
Edmund hits you with a +1 flail of protection.
You shoot an arrow. The arrow hits Edmund.
Edmund is severely wounded.
Edmund hits you but does no damage.
You shoot an arrow.
The arrow hits Edmund but does no damage.
Edmund is severely wounded.
Edmund says, "People think my brother is the best.
I think he's crazy."
Edmund hits you with a +1 flail of protection.
You die...
Edmund says, "That'll show my brother!"

.# ##..##.#......# #.#.#.# .#
###....#......# #.#.#.. .#
###...#.<#......# #.#.#.# .#
##...####.#......# #.#.#.# .#
##..### #.######.# #.#.#.# .#
#..## #.# #.# #.#.#.# .# #.## #.#
#.# #.#.#.# .# ##.## #.######.#
#.#.#.# ## #...#
##.@@..##.####.#.#.# #(P.#
#......##......#.... #...#
#................... ##.##
#......#.<.#####.#.. #.#
#......#.>######.#.. ### ##.##
#####.....##........#..
..###.%.###...#.....##..#####.##.
P....._.....P.......##..# #......
..###...###...#.....##.)###.#.###


You could see Edmund.

Vanquished Creatures
  An ogre (D:4)
  A scorpion (D:4)
  A bombardier beetle (D:4)
  A hound (D:4)
  An orc priest (D:3)
  Jessica (D:3)
  An orc wizard (D:4)
  A scorpion zombie (D:3)
  Ijyb (D:4)
  A hound zombie (D:3)
  3 hound skeletons (D:3)
  4 adders
  3 gnolls (D:3)
  An adder zombie (D:3)
  2 dart slugs
  4 ribbon worms
  18 orcs
  4 bats
  4 endoplasms
  2 giant cockroaches
  2 goblins (D:2)
  4 hobgoblins
  3 quokkas
  11 ball pythons
  A frilled lizard (D:2)
  4 kobolds
  9 rats
89 creatures vanquished.

Notes
Turn   | Place    | Note
-------+----------+-------------------------------------------
     0 | D:1      | qw the Gargoyle Hunter began the quest for the Orb.
     0 | D:1      | Reached XP level 1. HP: 12/12 MP: 1/1
     0 | D:1      | 0 ||| qw: Version: 0.3-a-132-g3d54051
     0 | D:1      | 0 ||| qw: Game counter: 125
     0 | D:1      | 0 ||| qw: Melee chars always use a shield: true
     0 | D:1      | 0 ||| qw: God list: Okawaru
     0 | D:1      | 0 ||| qw: Allow faded altars: false
     0 | D:1      | 0 ||| qw: Do Orc after clearing Dungeon:15 true
     0 | D:1      | 0 ||| qw: Do second Lair branch before Depths: true
     0 | D:1      | 0 ||| qw: Lair rune preference: random
     0 | D:1      | 0 ||| qw: Goals: Normal
     0 | D:1      | 0 ||| PLANNING D:1-11
   357 | D:1      | Found a faded altar of an unknown god.
   440 | D:1      | Reached XP level 2. HP: 17/17 MP: 2/2
   866 | D:1      | 866 ||| UPGRADING to +0 ring mail.
   876 | D:1      | 876 ||| DROPPING +0 leather armour.
   877 | D:1      | 877 ||| READING scroll labelled BEBRIOFIPT.
   877 | D:1      | 877 ||| IDENTIFYING puce potion
   878 | D:1      | 878 ||| READING scroll labelled HARATS GYRIHE.
   879 | D:1      | 879 ||| READING scroll labelled COXKEA ROBBUI.
   882 | D:1      | 882 ||| READING scroll labelled LOUQYA ENUCW.
   883 | D:1      | 883 ||| DROPPING scroll of butterflies.
   905 | D:2      | 905 ||| STAIRDANCE
   918 | D:2      | Reached skill level 1 in Armour
   919 | D:2      | Reached XP level 3. HP: 16/21 MP: 3/3
   919 | D:2      | 919 ||| STAIRDANCE
  1011 | D:2      | Reached skill level 5 in Ranged Weapons
  1013 | D:2      | 1013 ||| FLEEEEING.
  1239 | D:2      | 1239 ||| FLEEEEING.
  1246 | D:2      | 1246 ||| STAIRDANCE
  1295 | D:1      | 1295 ||| UPGRADING to amulet of faith.
  1300 | D:1      | 1300 ||| READING scroll of identify.
  1300 | D:1      | 1300 ||| IDENTIFYING fizzy blue potion
  1301 | D:1      | 1301 ||| READING scroll labelled WYATUAP AXAA.
  1302 | D:1      | 1302 ||| READING scroll labelled CEALAS NIELU.
  1303 | D:1      | 1303 ||| READING scroll labelled SOEWIO VUAF.
  1303 | D:1      | 1303 ||| ENCHANTING +0 shortbow.
  1304 | D:1      | 1304 ||| DROPPING potion of brilliance.
  1372 | D:2      | Reached XP level 4. HP: 27/27 MP: 4/4
  1488 | D:2      | 1488 ||| READING scroll of identify.
  1488 | D:2      | 1488 ||| IDENTIFYING bubbling coppery potion
  1508 | D:3      | 1508 ||| STAIRDANCE
  1512 | D:3      | 1512 ||| STAIRDANCE
  1527 | D:2      | Reached skill level 3 in Fighting
  1529 | D:3      | 1529 ||| STAIRDANCE
  1534 | D:3      | 1534 ||| STAIRDANCE
  1576 | D:3      | 1576 ||| STAIRDANCE
  1581 | D:2      | 1581 ||| FLEEEEING.
  1615 | D:3      | 1615 ||| STAIRDANCE
  1656 | D:3      | 1656 ||| FLEEEEING.
  1659 | D:3      | 1659 ||| STAIRDANCE
  1749 | D:3      | Noticed Jessica
  1754 | D:3      | Killed Jessica
  1755 | D:3      | Reached XP level 5. HP: 31/32 MP: 5/5
  1792 | D:3      | 1792 ||| FLEEEEING.
  1912 | D:3      | Reached skill level 6 in Ranged Weapons
  2047 | D:3      | 2047 ||| FLEEEEING.
  2052 | D:3      | 2052 ||| STAIRDANCE
  2094 | D:2      | 2094 ||| UPGRADING to +0 pair of boots.
  2117 | D:3      | Reached XP level 6. HP: 27/39 MP: 6/6
  2117 | D:3      | 2117 ||| FLEEEEING.
  2118 | D:3      | 2118 ||| FLEEEEING.
  2119 | D:3      | 2119 ||| FLEEEEING.
  2120 | D:3      | 2120 ||| FLEEEEING.
  2121 | D:3      | 2121 ||| FLEEEEING.
  2122 | D:3      | 2122 ||| STAIRDANCE
  2242 | D:3      | Found a large runed translucent door.
  2243 | D:3      | Found a large runed translucent door.
  2293 | D:3      | Found a shimmering altar of Xom.
  2813 | D:3      | 2813 ||| UPGRADING to +3 leather armour.
  2823 | D:3      | 2823 ||| DROPPING +0 ring mail.
  2824 | D:3      | 2824 ||| READING 2 scrolls of identify.
  2824 | D:3      | 2824 ||| IDENTIFYING cyan potion
  2915 | D:4      | Found a white marble altar of Elyvilon.
  3131 | D:4      | Noticed Edmund
  3143 | D:4      | HP: 8/39 [Edmund/+1 flail of protection (9)]
  3144 | D:4      | 3144 ||| READING scroll of teleportation.
  3421 | D:4      | Reached skill level 7 in Ranged Weapons
  3421 | D:4      | Reached XP level 7. HP: 44/44 MP: 7/7
  3585 | D:4      | Noticed Ijyb
  3603 | D:4      | Killed Ijyb
  3604 | D:4      | 3604 ||| FLEEEEING.
  3711 | D:4      | HP: 8/44 [Edmund/+1 flail of protection (9)]
  3717 | D:4      | HP: 1/44 [Edmund/+1 flail of protection (4)]
  3719 | D:4      | Slain by Edmund

Levels and vault maps discovered:
D:1:      elethiomel_arrival_shortcut, layout_loops_corners,
          shapermc_ecumenical_altar_totnotflames
D:2:      layout_rooms, minmay_misc_feat_room
D:3:      due_chaos_kobolds, layout_basic, serial_undead, serial_undead_c,
          serial_undead_f, serial_undead_e, serial_undead_b, serial_undead_c,
          serial_undead_b, uniq_jessica
D:4:      layout_basic, elyvilon_altar_1, kennysheep_another_room, uniq_ijyb,
          uniq_edmund

Skill      XL: |  1  2  3  4  5  6  7 |
---------------+----------------------+-----
Armour         | 1 |  1.3
Ranged Weapons | 5 6 7 |  7.5
Fighting       | 3 4 |  4.3
Dodging        | 2 |  2.0
Stealth        | |  1.1

Action                     |  1- 3 |  4- 6 |  7- 9 || total
---------------------------+-------+-------+-------++-------
   Fire: Shortbow          |   121 |   200 |    58 ||   379
    Use: Scroll            |     8 |     3 |       ||    11
 Armour: Leather armour    |     6 |    21 |    36 ||    63
         Ring mail         |    73 |    83 |       ||   156
  Dodge: Dodged            |    68 |    76 |    23 ||   167

Table legend:
 A = Non-vault XP
 B = Vault XP
 C = Vault XP percentage of total XP
 D = Non-vault monster count
 E = Vault monster count
 F = Vault count percentage of total count
                 A         B        C        D         E       F
            +---------+---------+-------+---------+---------+-------
      Total |     606 |     187 |  23.6 |      81 |       8 |   9.0
            +---------+---------+-------+---------+---------+-------
        D:1 |      17 |       0 |   0.0 |      14 |       0 |   0.0
        D:2 |      99 |       0 |   0.0 |      30 |       0 |   0.0
        D:3 |     114 |     154 |  57.5 |      17 |       7 |  29.2
        D:4 |     376 |      33 |   8.1 |      20 |       1 |   4.8
            +---------+---------+-------+---------+---------+-------
